 Dungeon Crawl Stone Soup version 0.25-b1-39-g0d900dab71 (webtiles) character file.

Game seed: 15166519173326139788

9888 HoaS the Grappler (level 11, -10/76 HPs)
             Began as a Gargoyle Berserker on June 7, 2020.
             Was a High Priest of Trog.
             Mangled by a skeletal warrior
             ... wielding a +0 dire flail
             ... led by a skeletal warrior
              (13 damage)
             ... on level 11 of the Dungeon.
             The game lasted 00:19:57 (9819 turns).

HoaS the Grappler (Gargoyle Berserker)              Turns: 9819, Time: 00:19:58

Health: -10/76     AC: 26    Str: 20    XL:     11   Next: 53%
Magic:  11/11      EV:  6    Int:  9    God:    Trog [*****.]
Gold:   545        SH:  5    Dex: 15    Spells: 10/10 levels left

rFire    . . .     SeeInvis .     - Unarmed
rCold    . . .     Gourm    .   (no shield)
rNeg     + . .     Faith    .   t - +0 plate armour
rPois    ∞         Spirit   .   d - +0 helmet (curse)
rElec    +         Reflect  +   u - +2 cloak
rCorr    .         Harm     .   j - +2 pair of gloves {Dex+3}
MR       .....                  (no boots)
Stlth    ..........             s - amulet of reflection
HPRegen  0.22/turn              g - ring of flight
MPRegen  0.12/turn              (no ring)

@: berserk cooldown, slowed, very slow
A: negative energy resistance 1, electricity resistance, unbreathing,
petrification resistance, rot immunity, AC +8
a: Berserk, Trog's Hand, Brothers in Arms, Renounce Religion, Evoke Flight


You were on level 11 of the Dungeon.
You worshipped Trog.
Trog was extremely pleased with you.
You were near starving.

You visited 1 branch of the dungeon, and saw 11 of its levels.

You collected 545 gold pieces.

Inventory:

Armour
 d - a cursed +0 helmet (worn)
 j - a +2 pair of gloves of dexterity (worn)
 t - a +0 plate armour (worn)
 u - a +2 cloak (worn)
Jewellery
 g - a ring of flight (left hand)
 k - an uncursed ring of ice
 s - an amulet of reflection (around neck)
Wands
 o - a wand of iceblast (6)
Scrolls
 a - 2 scrolls of teleportation
 f - 6 scrolls of remove curse
 i - a scroll of magic mapping
 m - a scroll of fog
 p - a scroll of identify
Potions
 c - a potion of ambrosia {unknown}
 e - 2 potions of might {unknown}
 h - a potion of mutation {unknown}
 l - 3 potions of heal wounds {unknown}
 n - 3 potions of curing
 q - a potion of stabbing {unknown}
 r - 2 potions of lignification {unknown}
Comestibles
 b - 18 rations


   Skills:
 + Level 11.9 Fighting
 - Level 2.1 Armour
 - Level 1.5 Dodging
 + Level 14.0 Unarmed Combat


You had 10 spell levels left.
You didn't know any spells.
Your spell library was empty.

Dungeon Overview and Level Annotations

Branches:
Dungeon (11/15)            Temple (0/1) D:7            Lair (0/6) D:11
    Orc: D:9-12

Altars:
Ashenzari
Elyvilon
Fedhas
Gozag
Hepliaklqana
Nemelex Xobeh
Okawaru
Qazlal
Ru
Sif Muna
Trog
Yredelemnul
The Shining One

Shops:
D:10 !

Annotations:
D:9 exclusion: oklob plant
D:10 exclusion: orange crystal statue


Innate Abilities, Weirdness & Mutations

You are resistant to torment.
Your stone body is resilient. (AC +8)
You are immune to poison.
You resist negative energy. (rN+)
You are resistant to electric shocks. (rElec)
You can survive without breathing.
You are immune to petrification.
You are immune to rotting.


Message History

The skeletal warrior is moderately damaged.
The skeletal warrior hits you but does no damage.
You feel better.
The skeletal warrior completely misses you.
The skeletal warrior hits you with a +0 dire flail!
* * * LOW HITPOINT WARNING * * *
You hit the skeletal warrior but do no damage.
The skeletal warrior is moderately damaged.
The skeletal warrior hits you but does no damage.
You hit the skeletal warrior.
The skeletal warrior is moderately damaged.
The skeletal warrior hits you with a +0 dire flail!
* * * LOW HITPOINT WARNING * * *
You hit the skeletal warrior but do no damage.
The skeletal warrior is moderately damaged.
The skeletal warrior hits you but does no damage.
You pummel the skeletal warrior!!
The skeletal warrior is severely damaged.
The skeletal warrior hits you with a +0 dire flail!
You die...

#..# #..# #.(#
#..# #<.# #(.# #
#..#
....#########..#
#......@zyJ..#
#..########).# #
#()# #)y# #z.# #
#..# .# #yz# ..#
#z.####...##
#...........


You could see a skeletal warrior, a jelly and a killer bee.

Vanquished Creatures
  Sonja (D:10)
  3 skeletal warriors (D:11)
  An oklob plant (D:11)
  A centaur skeleton (D:11)
  3 trolls
  2 hornets (D:10)
  Prince Ribbit (D:9)
  4 hippogriffs
  A wraith (D:11)
  4 yaks (D:10)
  Menkaure (D:7)
  Edmund (D:6)
  A soldier ant (D:10)
  3 orc warriors (D:10)
  2 black bears (D:6)
  2 ice beasts
  2 ogres
  3 phantoms
  7 centaurs
  3 big kobolds (D:8)
  4 bullfrogs
  A wyvern zombie (D:10)
  A water moccasin skeleton (D:6)
  7 killer bees
  A howler monkey (D:10)
  2 vampire bats (D:4)
  5 crimson imps
  3 centaur zombies
  A quasit (D:9)
  3 bullfrog zombies
  4 orc wizards
  2 hounds
  A jelly (D:9)
  2 orc priests (D:10)
  3 bullfrog skeletons
  5 iguanas
  Crazy Yiuf (D:7)
  Terence (D:3)
  5 worker ants
  A killer bee zombie (D:7)
  A hound zombie (D:9)
  2 hound skeletons (D:6)
  3 worker ant zombies
  A howler monkey zombie (D:6)
  9 adders
  A shadow imp (D:3)
  An ooze (D:1)
  An adder skeleton (D:7)
  6 worms
  A dart slug (D:2)
  5 leopard geckos
  23 orcs
  6 giant cockroaches
  8 goblins
  8 hobgoblins
  2 jackals (D:2)
  2 quokkas
  12 bats
  5 frilled lizards
  A jackal skeleton (D:4)
  16 kobolds
  A leopard gecko skeleton (D:4)
  A leopard gecko zombie (D:6)
  A quokka zombie (D:6)
  8 rats
  2 bushes (D:9)
  8 plants
234 creatures vanquished.

Vanquished Creatures (collateral kills)
  A killer bee (D:11)
1 creature vanquished.

Grand Total: 235 creatures vanquished

Notes
Turn   | Place    | Note
-------+----------+-------------------------------------------
     0 | D:1      | HoaS the Gargoyle Berserker began the quest for the Orb.
     0 | D:1      | Reached XP level 1. HP: 14/14 MP: 1/1
   453 | D:1      | Reached XP level 2. HP: 19/19 MP: 2/2
   824 | D:1      | Reached skill level 4 in Unarmed Combat
   829 | D:1      | Reached XP level 3. HP: 23/23 MP: 3/3
  1614 | D:2      | Reached XP level 4. HP: 28/28 MP: 4/4
  1617 | D:2      | Found a glowing golden altar of the Shining One.
  1703 | D:2      | Found a faded altar of an unknown god.
  1808 | D:2      | Found a shimmering blue altar of Sif Muna.
  1834 | D:3      | Found a stormy altar of Qazlal.
  2028 | D:3      | Reached skill level 5 in Unarmed Combat
  2035 | D:3      | Found a hazy altar of Hepliaklqana.
  2204 | D:3      | Reached ** piety under Trog
  2420 | D:3      | Noticed Terence
  2448 | D:3      | Killed Terence
  2448 | D:3      | Reached XP level 5. HP: 30/32 MP: 5/5
  2712 | D:4      | Noticed a phantom
  2757 | D:4      | Killed a phantom
  2757 | D:4      | Reached skill level 6 in Unarmed Combat
  2757 | D:4      | Reached XP level 6. HP: 24/37 MP: 6/6
  3148 | D:4      | Reached skill level 7 in Unarmed Combat
  3296 | D:5      | Entered Level 5 of the Dungeon
  3307 | D:4      | Reached XP level 7. HP: 40/41 MP: 7/7
  3372 | D:5      | Reached skill level 8 in Unarmed Combat
  3968 | D:5      | Reached skill level 9 in Unarmed Combat
  4293 | D:5      | Found a white marble altar of Elyvilon.
  4293 | D:5      | Found a shattered altar of Ashenzari.
  4559 | D:6      | Reached *** piety under Trog
  4566 | D:6      | Reached XP level 8. HP: 46/46 MP: 8/8
  4700 | D:6      | Reached skill level 10 in Unarmed Combat
  5101 | D:6      | Found an opulent altar of Gozag.
  5205 | D:6      | Reached skill level 5 in Fighting
  5214 | D:6      | Noticed Edmund
  5235 | D:6      | Killed Edmund
  5432 | D:6      | Found a shimmering blue altar of Sif Muna.
  5432 | D:6      | Found a basalt altar of Yredelemnul.
  5640 | D:7      | Found a sacrificial altar of Ru.
  5685 | D:7      | Reached XP level 9. HP: 47/54 MP: 9/9
  5932 | D:7      | Found a staircase to the Ecumenical Temple.
  5950 | D:7      | Found a sparkling altar of Nemelex Xobeh.
  5952 | D:7      | Reached skill level 11 in Unarmed Combat
  5993 | D:7      | Noticed Menkaure
  6002 | D:7      | Killed Menkaure
  6113 | D:7      | Found a runed translucent door.
  6114 | D:7      | Noticed Crazy Yiuf
  6273 | D:7      | Killed Crazy Yiuf
  6491 | D:8      | Reached **** piety under Trog
  6644 | D:8      | Noticed a moth of wrath
  6647 | D:8      | Found a bloodstained altar of Trog.
  6829 | D:8      | Found an iron altar of Okawaru.
  7416 | D:9      | Reached skill level 12 in Unarmed Combat
  7416 | D:9      | Reached XP level 10. HP: 51/65 MP: 10/10
  7704 | D:9      | Noticed Prince Ribbit
  7727 | D:9      | Killed Prince Ribbit
  7896 | D:9      | Found a blossoming altar of Fedhas.
  7898 | D:9      | Identified a scroll of acquirement
  7928 | D:9      | Noticed an oklob plant
  8182 | D:10     | Entered Level 10 of the Dungeon
  8389 | D:10     | Noticed an orange crystal statue
  8712 | D:10     | Reached skill level 10 in Fighting
  8826 | D:10     | Found Hykhlomy's Distillery.
  8829 | D:10     | Noticed Sonja
  8846 | D:10     | Killed Sonja
  8846 | D:10     | Reached skill level 13 in Unarmed Combat
  9038 | D:10     | Reached XP level 11. HP: 61/73 MP: 11/11
  9042 | D:10     | Reached ***** piety under Trog
  9185 | D:10     | Found the +7 lajatang of Order {silver, rMut}
  9501 | D:11     | Found a staircase to the Lair.
  9505 | D:11     | Noticed an oklob plant
  9537 | D:11     | Killed an oklob plant
  9721 | D:11     | Noticed a skeletal warrior
  9724 | D:11     | Noticed a skeletal warrior
  9724 | D:11     | Noticed a skeletal warrior
  9725 | D:11     | Noticed a skeletal warrior
  9786 | D:11     | Killed a skeletal warrior
  9794 | D:11     | Killed a skeletal warrior
  9805 | D:11     | Killed a skeletal warrior
  9805 | D:11     | Reached skill level 14 in Unarmed Combat
  9817 | D:11     | HP: 2/76 [skeletal warrior/+0 dire flail[a skeletal
                  | warrior] (8)]
  9819 | D:11     | Mangled by a skeletal warrior

Illustrated notes

Levels and vault maps discovered:
D:1:      lemuel_arrival_river_passageway, layout_loops_cross
D:2:      layout_basic, nicolae_overflow_crystal_walls,
          chequers_ecumenical_altar_simple, led_sif_pool
D:3:      layout_loops_corners, grunt_qazlal_clouds, marbit_many_paths,
          uniq_terence
D:4:      layout_rooms, roderic_batcave
D:5:      layout_basic, gammafunk_temple_overflow_elements, first_ration,
          minmay_misc_feat_rugged
D:6:      layout_rooms, grunt_gozag_breadcrumbs,
          chequers_temple_overflow_statue_of_worship, serial_undead,
          serial_undead_a, serial_undead_c, serial_undead_d, serial_undead_b,
          serial_undead_a, serial_undead_e, uniq_edmund
D:7:      layout_rooms, nemelex_xobeh_ov_fountains_minmay, kennysheep_mini,
          minmay_temple_entry_slanted, uniq_menkaure, uniq_crazy_yiuf_cottage
D:8:      layout_loops_corners, okawaru_trees_1, tgw_trog,
          minmay_misc_feat_more_columns
D:9:      layout_cross, tgw_fedhas, uniq_prince_ribbit1
D:10:     layout_irregular_city, serial_shops, shop, hangedman_pestilent_swarm,
          minivault_16, uniq_sonja
D:11:     layout_long_grid, dpeg_oklobed_lair

Skill      XL: |  1  2  3  4  5  6  7  8  9 10 11 |
---------------+----------------------------------+-----
Unarmed Combat | 4 5 6 7 9 10 12 13 14 | 14.0
Fighting       | 5 8 10 11 | 11.9
Armour         | |  2.1
Dodging        | |  1.5

Action                   |  1- 3 |  4- 6 |  7- 9 | 10-12 || total
-------------------------+-------+-------+-------+-------++-------
Melee: Unarmed           |   117 |   206 |   440 |   428 ||  1191
       Punch             |       |     4 |    16 |    30 ||    50
Invok: Berserk           |       |       |     2 |     1 ||     3
       Trog's Hand       |       |       |     2 |     1 ||     3
       Brothers in Arms  |       |       |       |     1 ||     1
  Use: Scroll            |       |       |    11 |     3 ||    14
       Potion            |       |       |       |     1 ||     1
  Eat: Chunk             |     2 |     6 |    16 |     8 ||    32
Armor: Animal skin       |    23 |       |       |       ||    23
       Ring mail         |    27 |    39 |       |       ||    66
       Scale mail        |       |    59 |    75 |       ||   134
       Plate armour      |       |       |   179 |   238 ||   417
Dodge: Dodged            |    55 |   101 |   141 |    97 ||   394
Block: Other             |       |       |    26 |    49 ||    75
       Reflection        |       |       |     2 |     2 ||     4
